 Dungeon Crawl Stone Soup version 0.26.1-12-g5ba1501909 (webtiles) character file.

Game seed: 4019244042229735644

390 Zeld the Sneak (level 6, -1/43 HPs)
             Began as an Octopode Brigand on Oct 28, 2021.
             Slain by a phantom (3 damage)
             ... on level 3 of the Dungeon.
             The game lasted 00:03:29 (4401 turns).

Zeld the Sneak (Octopode Brigand)                   Turns: 4401, Time: 00:03:30

Health: -1/43      AC:  1    Str: 10    XL:     6   Next: 80%
Magic:  6/6        EV: 13    Int: 13    God:
Gold:   171        SH:  4    Dex: 16    Spells: 5/5 levels left

rFire    . . .     SeeInvis .   a - +2 dagger
rCold    . . .     Faith    .   q - +0 buckler
rNeg     . . .     Spirit   .   (helmet restricted)
rPois    .         Reflect  .   (no amulet)
rElec    .         Harm     .   (no ring)
rCorr    .         Rampage  .   (no ring)
Will     .....                  (no ring)
Stlth    ++++......             (no ring)
HPRegen  0.14/turn              (no ring)
MPRegen  0.10/turn              (no ring)
                                (no ring)
                                (no ring)

@: no status effects
A: almost no armour, stealthy swim, amphibious, 8 rings, constrict 8, camouflage
1, gelatinous body 1
a: no special abilities


You were on level 3 of the Dungeon.
You visited 1 branch of the dungeon, and saw 4 of its levels.
You also visited: Sewer.

You collected 171 gold pieces.

Inventory:

Hand Weapons
 a - a +2 dagger (weapon)
Missiles
 b - 15 poisoned darts (quivered)
 c - 2 curare-tipped darts
Armour
 q - a +0 buckler (worn)
Jewellery
 s - an uncursed ring of protection from cold {unknown}
Wands
 t - a wand of flame (12)
Scrolls
 d - a scroll of amnesia
 e - 2 scrolls of remove curse
 k - a scroll of magic mapping
 n - a scroll of enchant weapon
 o - 2 scrolls of teleportation
 p - a scroll of random uselessness {unknown}
 v - a scroll of identify
Potions
 f - a potion of curing {unknown}
 g - 6 potions of flight {unknown}
 h - a potion of resistance {unknown}
 i - a potion of degeneration {unknown}
 j - a potion of lignification {unknown}
 l - 2 potions of brilliance {unknown}
 m - 2 potions of mutation {unknown}
 r - a potion of heal wounds {unknown}
 u - a potion of attraction {unknown}


   Skills:
 * Level 3.7 Fighting
 * Level 3.8 Short Blades
 * Level 3.8 Throwing
 + Level 2.2 Dodging
 + Level 6.1 Stealth
 + Level 1.2 Shields


You had 5 spell levels left.
You didn't know any spells.
Your spell library was empty.

Dungeon Overview and Level Annotations

Branches:
Dungeon (4/15)              Sewer (visited)
 Temple: D:4-7

Altars:


Innate Abilities, Weirdness & Mutations

You cannot wear most types of armour.
You are very stealthy in the water. (Stealth+)
You are amphibious.
You can wear up to eight rings at the same time.
You can use your tentacles to constrict eight enemies at once.
Your skin changes colour to match your surroundings (Stealth+).
Your rubbery body absorbs attacks. (AC +1, EV +1)


Message History

Found a scroll of teleportation.
You see here a +0 flail.
There is a stone staircase leading up here.
The phantom hits you.
You climb upwards.
There is a stone staircase leading down here.
You hit the phantom.
The phantom is moderately damaged.
You hit the phantom but do no damage.
The phantom is moderately damaged.
The phantom hits you.
* * * LOW HITPOINT WARNING * * *
You hit the phantom.
The phantom is moderately damaged.
The phantom hits you!
* * * LOW HITPOINT WARNING * * *
You hit the phantom. You squeeze the phantom.
The phantom is heavily damaged.
The phantom hits you.
You die...

#.#.# ###.....#
#.#.# #.#.###
#.#.# #.#.# #.#.#
#.#.# #.#.# #.#.#
#.#.# #.#.#
#.#.########.#.#
#W#..........#.###
#@#..#########....
#.#..# #####
#.#..# #.#..# ##
#.#..############.
#..........[.)(##.
#....#########†##.
#....# #)##.
#....# #)##.


You could see a phantom.

Vanquished Creatures
  Grinder (D:3)
  Robin (D:3)
  5 adders
  4 oozes (Sewer)
  6 worms
  2 dart slugs
  8 leopard geckos
  3 orcs (D:4)
  2 ball pythons
  6 giant cockroaches
  8 hobgoblins
  6 jackals
  12 bats
  4 frilled lizards
  13 goblins
  6 kobolds
  2 quokka skeletons (D:4)
  7 rats
96 creatures vanquished.

Notes
Turn   | Place    | Note
-------+----------+-------------------------------------------
     0 | D:1      | Zeld the Octopode Brigand began the quest for the Orb.
     0 | D:1      | Reached XP level 1. HP: 14/14 MP: 1/1
    75 | D:1      | Reached XP level 2. HP: 19/19 MP: 2/2
   438 | D:1      | Reached XP level 3. HP: 25/25 MP: 3/3
  1153 | D:2      | Reached XP level 4. HP: 30/30 MP: 4/4
  2318 | D:3      | Found a glowing drain.
  2322 | Sewer    | Entered a sewer
  2918 | Sewer    | Reached XP level 5. HP: 34/36 MP: 5/5
  3857 | D:3      | Noticed Grinder
  3865 | D:3      | Killed Grinder
  3866 | D:3      | Reached skill level 6 in Stealth
  3866 | D:3      | Reached skill level 1 in Shields
  3866 | D:3      | Reached XP level 6. HP: 42/42 MP: 6/6
  3885 | D:3      | Noticed Robin
  3898 | D:3      | Killed Robin
  4361 | D:4      | Noticed a phantom
  4400 | D:3      | HP: 2/43 [phantom (8)]
  4401 | D:3      | Slain by a phantom

Illustrated notes

Levels and vault maps discovered:
D:1:      ebering_trefoil_twist, layout_loops_cross, nrook_mini_vaults
D:2:      layout_basic
D:3:      layout_loops_ring, portal_sewer_entry_e, uniq_grinder, uniq_robin
D:4:      layout_basic, hangedman_decor_riveting, st_stairs_6,
          kennysheep_generic_room_12

Skill      XL: |  1  2  3  4  5 |
---------------+----------------+-----
Short Blades   | 3 |  3.8
Throwing       | 3 |  3.8
Fighting       | 3 |  3.7
Dodging        | 2 |  2.2
Stealth        | 6 |  6.1
Shields        | 1 |  1.2

Action                   |  1- 3 |  4- 6 || total
-------------------------+-------+-------++-------
Melee: Dagger            |    57 |   144 ||   201
       Constrict         |    13 |    29 ||    42
       Tentacles         |     8 |    26 ||    34
  Use: Scroll            |       |     9 ||     9
 Stab: Sleeping          |    15 |    19 ||    34
Armor: Skin              |     2 |    10 ||    12
Dodge: Dodged            |    35 |    85 ||   120
Block: Buckler           |       |     9 ||     9
